 Dungeon Crawl Stone Soup version 0.32-a0-132-g2d33c3cfaf (webtiles) character file.

Game seed: 15377207477111821799

231 sanka the Skirmisher (level 5, -3/29 HPs)
             Began as a Deep Elf Hunter on Feb 9, 2024.
             Was an Initiate of Okawaru.
             Slain by Pikel
             ... wielding a +1 whip of freezing
              (8 damage)
             ... on level 4 of the Dungeon.
             The game lasted 00:06:39 (3524 turns).

sanka the Skirmisher (Deep Elf Hunter)              Turns: 3524, Time: 00:06:41

Health: -3/29      AC:  4    Str:  8    XL:     5   Next: 73%
Magic:  7/7        EV: 13    Int: 14    God:    Okawaru [......]
Gold:   121        SH:  0    Dex: 20    Spells: 4/4 levels left

rFire   . . .        a - +0 shortbow
rCold   . . .        (shield currently unavailable)
rNeg    . . .        n - +0 animal skin
rPois   .            m - +0 helmet
rElec   .            (no cloak)
rCorr   .            q - +0 pair of gloves
SInv    .            (no boots)
Will    .....        w - amulet of faith
Stlth   ++           (no ring)
HPRegen 0.24/turn    (no ring)
MPRegen 0.10/turn

%: faith
@: no status effects
A: no striking features
a: Renounce Religion


You were on level 4 of the Dungeon.
You worshipped Okawaru.
Okawaru was noncommittal.
You visited 2 branches of the dungeon, and saw 5 of its levels.

You collected 121 gold pieces.


   Skills:
 - Level 1.5 Fighting
 + Level 9.3 Ranged Weapons
 - Level 2.4 Dodging
 - Level 1.2 Stealth


You had 4 spell levels left.
You didn't know any spells.
Your spell library contained the following spells:

 Spells                   Type           Power      Damage    Failure   Level
 Lesser Beckoning         Tloc           0%         N/A       41%         2
 Gell's Gravitas          Tloc           0%         N/A       65%         3
 Teleport Other           Tloc           0%         N/A       65%         3

Inventory:

Hand Weapons
 a - a +0 shortbow (weapon)
Armour
 m - a +0 helmet (worn)
 n - a +0 animal skin (worn)
 q - a +0 pair of gloves (worn)
Jewellery
 w - an amulet of faith (around neck)
Wands
 p - a wand of roots (2)
 u - a wand of flame (19)
Scrolls
 b - a scroll of butterflies
 g - a scroll of fear {unknown}
 h - 5 scrolls of poison {unknown}
 i - a scroll of immolation {unknown}
 j - a scroll of vulnerability {unknown}
 v - a scroll of teleportation {unknown}
 x - a scroll of fog {unknown}
Potions
 c - a potion of might {unknown}
 d - a potion of heal wounds {@q2}
 e - 4 potions of cancellation {unknown}
 f - a potion of curing {@q1}
 k - a potion of mutation {unknown}
 l - a potion of invisibility {unknown}
 o - a potion of haste {unknown}
 r - a potion of attraction {unknown}
 s - a potion of enlightenment {unknown}
 t - a potion of resistance {unknown}

Dungeon Overview and Level Annotations

Branches:
Dungeon (4/15)             Temple (1/1) D:4

Altars:
Ashenzari
Cheibriados
Dithmenos
Elyvilon
Fedhas
Gozag
Hepliaklqana
Kikubaaqudgha
Makhleb
Nemelex Xobeh
Okawaru
Qazlal
Ru
Sif Muna
Trog
Uskayaw
Vehumet
Wu Jian
Xom
Yredelemnul
Zin
The Shining One

Shops:
D:3 (   D:4 [

Annotations:
D:4 Pikel

▒▒▒▒▒▒▒ ▒............▒.▒...
......▒ ▒▒▒............▒.▒...
......▒ ▒▒▒▒▒..............▒.▒...
......▒ ▒..............▒▒▒▒▒.▒▒..
......▒▒▒.▒._..._....).▒▒▒▒▒.....
.............................>...
......▒...._..⌠........▒▒▒▒▒▒.▒.▒
......▒............▒▒▒▒▒ ▒▒.▒)▒
......▒.........e.▒▒ ▒....▒
......▒.......5K..▒ ▒....▒
▒▒▒▒▒▒▒...........▒▒▒▒▒▒▒▒▒▒....▒
▒▒▒▒▒▒▒..........▒▒▒...........[▒
................▒▒ ▒............▒
.▒▒▒▒▒▒.........▒▒▒▒............▒
.▒ ▒.........................▒
.▒▒▒▒▒▒▒▒.....▒▒▒▒▒.............▒
).............▒ ▒▒............▒


You could see Pikel and a lemure.


Message History

Pikel is severely wounded.
You shoot an arrow. The arrow completely misses Pikel.
The arrow closely misses the lemure.
Pikel closely misses you.
Aiming: Fastroot
Press: ? - help, Shift-Dir - straight line, f/p - Pikel
Aim: Pikel, wielding a +1 whip of freezing and wearing a +0 robe (severely wounded)
The roots erupt in riotous growth!
Roots grab Pikel.
Roots grab the lemure.
The grasping roots constrict Pikel.
The grasping roots constrict the lemure.
Pikel hits you with a +1 whip of freezing!
* * * LOW HITPOINT WARNING * * *
Pikel freezes you.
* * * LOW HITPOINT WARNING * * *
The lemure struggles to escape constriction.
Unknown command.
Press < or > to pray at altars.
You shoot an arrow.
The arrow hits Pikel but does no damage.
Pikel is severely wounded.
The grasping roots constrict Pikel.
The grasping roots constrict the lemure.
The roots release their grip on Pikel.
The roots release their grip on the lemure.
Pikel hits you with a +1 whip of freezing!
You die...
Pikel says, "Another soul for the market."

Action                     |  1- 3 |  4- 6 || total
---------------------------+-------+-------++-------
  Melee: Unarmed           |       |    32 ||    32
         Punch             |       |     1 ||     1
   Fire: Shortbow          |   116 |   139 ||   255
  Evoke: Wand              |       |     4 ||     4
    Use: Potion            |       |     8 ||     8
 Armour: Leather armour    |    30 |     1 ||    31
         Animal skin       |       |    39 ||    39
         Skin              |       |    26 ||    26
  Dodge: Dodged            |    28 |    36 ||    64

Levels and vault maps discovered:
D:1:      saegor_arrival_simple_b, layout_rooms, grunt_decor_one_mirror,
          minmay_pentomino_r4
D:2:      layout_basic, basic_altar
D:3:      layout_basic, serial_shops, nicolae_shop_getting_attention,
          uniq_robin, uniq_terence
D:4:      layout_basic, mainiacjoe_overflow_six_doors_small,
          grunt_temple_overflow_open, minmay_temple_entry_wispy, serial_shops,
          nicolae_stop_n_shop_2, uniq_ijyb, uniq_pikel
Temple:   hellmonk_temple_two_chambers

Notes
Turn   | Place    | Note
-------+----------+-------------------------------------------
     0 | D:1      | sanka the Deep Elf Hunter began the quest for the Orb.
     0 | D:1      | Reached XP level 1. HP: 12/12 MP: 3/3
    74 | D:1      | Reached XP level 2. HP: 16/16 MP: 4/4
    80 | D:1      | Reached skill level 6 in Ranged Weapons
   496 | D:2      | Reached XP level 3. HP: 16/20 MP: 5/5
   597 | D:2      | Found a sparkling altar of Nemelex Xobeh.
   621 | D:2      | Reached skill level 7 in Ranged Weapons
   756 | D:3      | Found Ebamac's Antique Weapon Emporium.
   918 | D:3      | Noticed Robin
   931 | D:3      | Killed Robin
   932 | D:3      | Reached XP level 4. HP: 6/25 MP: 6/6
  1358 | D:3      | Noticed Terence
  1626 | D:2      | Reached skill level 8 in Ranged Weapons
  1991 | D:2      | HP: 2/25 [Terence/+2 flail of protection (12)]
  2006 | D:2      | Killed Terence
  2007 | D:2      | Reached XP level 5. HP: 18/29 MP: 7/7
  2345 | D:4      | Found Hionlibewe's Armour Shop.
  2399 | D:4      | Found a staircase to the Ecumenical Temple.
  2406 | Temple   | Entered the Ecumenical Temple
  2412 | Temple   | Became a worshipper of Warmaster Okawaru
  2476 | D:4      | Found a white marble altar of Elyvilon.
  2477 | D:4      | Found a shimmering blue altar of Sif Muna.
  2479 | D:4      | Found a bloodstained altar of Trog.
  2481 | D:4      | Found an ornate altar of the Wu Jian Council.
  2481 | D:4      | Found an opulent altar of Gozag.
  2526 | D:4      | Noticed a lemure
  2527 | D:4      | Noticed a lemure
  2533 | D:4      | Noticed Pikel
  2543 | D:3      | Killed a lemure
  2556 | D:3      | Killed a lemure
  2830 | D:4      | Reached skill level 9 in Ranged Weapons
  3009 | D:4      | Found an ancient bone altar of Kikubaaqudgha.
  3171 | D:4      | Noticed a lemure
  3171 | D:4      | Noticed a lemure
  3234 | D:3      | Killed a lemure
  3368 | D:4      | Noticed Ijyb
  3403 | D:4      | Killed Ijyb
  3524 | D:4      | Slain by Pikel

Vanquished Creatures
  3 lemures (D:3)
  A hound (D:4)
  Ijyb (D:4)
  Terence (D:2)
  Robin (D:3)
  3 gnolls (D:2)
  3 adders
  A white imp (D:3)
  4 dart slugs
  2 ribbon worms (D:3)
  An orc (D:4)
  3 ball pythons
  8 bats
  5 endoplasms
  3 giant cockroaches
  7 goblins
  9 hobgoblins
  2 quokkas
  3 frilled lizards
  3 kobolds
  4 rats
68 creatures vanquished.
